 Dungeon Crawl Stone Soup version 0.28-a0-845-gfc338a8e3c (webtiles) character file.

Game seed: 13031055105496539346

98 siradein the Poker (level 4, -7/34 HPs)
             Began as a Demonspawn Gladiator on Nov 12, 2021.
             Mangled by Sigmund (12 damage)
             ... on level 3 of the Dungeon.
             The game lasted 00:04:15 (1935 turns).

siradein the Poker (Demonspawn Gladiator)           Turns: 1935, Time: 00:04:15

Health: -7/34      AC:  5    Str: 14    XL:     4   Next: 44%
Magic:  4/4        EV: 10    Int: 10    God:
Gold:   115        SH:  9    Dex: 21    Spells: 3/3 levels left

rFire   . . .      SeeInvis .   a - +0 trident
rCold   . . .      Faith    .   o - +0 kite shield
rNeg    . . .      Spirit   .   b - +0 leather armour
rPois   .          Reflect  .   c - +0 helmet
rElec   .          Harm     .   (no cloak)
rCorr   .          Rampage  .   (no gloves)
Will    .....                   g - +0 pair of boots
Stlth   ++........              (no amulet)
HPRegen 0.11/turn               h - ring of flight
MPRegen 0.09/turn               r - +6 ring of dexterity

@: flying
A: demonic guardian 2, demonic touch 1
a: no special abilities


You were on level 3 of the Dungeon.
You visited 1 branch of the dungeon, and saw 3 of its levels.

You collected 115 gold pieces.

Inventory:

Hand Weapons
 a - a +0 trident (weapon)
Missiles
 d - 3 throwing nets (quivered)
 i - 98 stones
Armour
 b - a +0 leather armour (worn)
 c - a +0 helmet (worn)
 g - a +0 pair of boots (worn)
 o - a +0 kite shield (worn)
Jewellery
 h - a ring of flight (left hand)
 r - a +6 ring of dexterity (right hand)
Scrolls
 f - 3 scrolls of teleportation {unknown}
 j - a scroll of identify {unknown}
 k - a scroll of immolation {unknown}
 n - a scroll of vulnerability {unknown}
Potions
 e - 2 potions of attraction {unknown}
 l - 2 potions of might {unknown}
 m - a potion of mutation {unknown}
 p - a potion of ambrosia {unknown}
 q - a potion of flight {unknown}
 s - a potion of lignification {unknown}
 t - a potion of haste {unknown}


   Skills:
 + Level 2.8 Fighting
 + Level 3.2 Polearms
 + Level 2.5 Throwing
 + Level 3.2 Dodging
 + Level 0.9 Shields


You had 3 spell levels left.
You didn't know any spells.
Your spell library contained the following spells:

 Spells                   Type           Power      Damage    Failure   Level
 Slow                     Hex            0%         N/A       96%         1
 Confusing Touch          Hex            0%         N/A       100%        3
 Yara's Violent Unravell  Hex/Tmut       0%         3d3       100%        5


Dungeon Overview and Level Annotations

Branches:
Dungeon (3/15)

Altars:
Yredelemnul

Annotations:
D:3 Sigmund


Innate Abilities, Weirdness & Mutations

A demonic guardian rushes to your aid.
Your touch may inflict minor irresistible damage on your foes.


Message History

The gnoll is almost dead.
You block the gnoll's attack.
You barely miss the gnoll.
The gnoll is almost dead.
You block the gnoll's attack. The gnoll closely misses you.
You hit the gnoll.
You kill the gnoll!
You block the gnoll's attack.
You reach to attack!
You hit the gnoll.
The gnoll is moderately wounded.
The gnoll barely misses you.
You reach to attack!
You closely miss the gnoll.
The gnoll is moderately wounded.
The gnoll barely misses you. You block the gnoll's attack.
You reach to attack!
You hit the gnoll.
The gnoll is heavily wounded.
The gnoll closely misses you.
You reach to attack!
You hit the gnoll.
You kill the gnoll!
You reach to attack!
You puncture the gnoll!
The gnoll is severely wounded.
You barely miss the gnoll.
The gnoll is severely wounded.
The gnoll hits you with a +0 whip. Something hits you!!
Ouch! That really hurt!
A demonic guardian appears!
* * * LOW HITPOINT WARNING * * *
The gnoll hits you with a +0 whip.
* * * LOW HITPOINT WARNING * * *
Your orange demon stings the gnoll from afar.
The gnoll looks as sick as possible!
Your orange demon poisons the gnoll!
You swap places.
The gnoll hits your orange demon with a +0 whip.
Your orange demon stings the gnoll!
The gnoll dies!
You hear some strange, mumbled words.
Your orange demon resists with almost no effort.
You block something's attack. Something hits you!
You die...

###.## #.#.#
#..####.#.#
###.#......#####
#...†..........#
#..............#
#..............#
......^##.###.###
###....##.#
#.#######
#.....##.#
#...@4{g#
#.....##.#
#######)# #.###.#
#)# #)# #g# ...
... ... .....


You could see a gnoll and a friendly orange demon (summoned).

Vanquished Creatures
  2 gnolls (D:3)
  An adder (D:2)
  A dart slug (D:1)
  5 ball pythons
  5 bats
  3 endoplasms
  6 goblins
  6 hobgoblins
  4 jackals (D:1)
  2 kobolds
  A quokka (D:3)
  5 frilled lizards
  3 rats
44 creatures vanquished.

Vanquished Creatures (collateral kills)
  A gnoll (D:3)
  An adder (D:3)
  An endoplasm (D:3)
3 creatures vanquished.

Grand Total: 47 creatures vanquished

Notes
Turn   | Place    | Note
-------+----------+-------------------------------------------
     0 | D:1      | siradein the Demonspawn Gladiator began the quest for the
                  | Orb.
     0 | D:1      | Reached XP level 1. HP: 16/16 MP: 1/1
   182 | D:1      | Gained mutation: A weak demonic guardian rushes to your
                  | aid. [demonic ancestry]
   182 | D:1      | Reached XP level 2. HP: 11/22 MP: 2/2
   882 | D:2      | Gained mutation: A demonic guardian rushes to your aid.
                  | [demonic ancestry]
   882 | D:2      | Reached XP level 3. HP: 28/28 MP: 3/3
  1260 | D:2      | Found a basalt altar of Yredelemnul.
  1866 | D:3      | Gained mutation: Your touch may inflict minor irresistible
                  | damage on your foes. [demonic ancestry]
  1866 | D:3      | Reached XP level 4. HP: 34/34 MP: 4/4
  1919 | D:3      | Noticed Sigmund
  1935 | D:3      | Mangled by Sigmund

Illustrated notes

Levels and vault maps discovered:
D:1:      shiori_arrival_oz, layout_basic
D:2:      layout_basic, basic_altar, kennysheep_decorative_pillar,
          serial_park_tiny_pond, minmay_misc_feat_plants
D:3:      layout_basic, uniq_sigmund

Skill      XL: |  1  2 |
---------------+-------+-----
Throwing       | 2 |  2.5
Polearms       | 3 |  3.2
Dodging        | 3 |  3.2
Fighting       | |  2.8
Shields        | |  0.9

Action                   |  1- 3 |  4- 6 || total
-------------------------+-------+-------++-------
Melee: Trident           |   115 |    16 ||   131
Armor: Leather armour    |    22 |       ||    22
Dodge: Dodged            |    47 |     7 ||    54
Block: Kite shield       |    15 |     8 ||    23

Table legend: (Time is in decaauts)
 A = Elapsed time spent in this place.
 B = Non-inter-level travel time spent in this place.
 C = Inter-level travel time spent in this place.
 D = Time resting spent in this place.
 E = Time spent auto-exploring this place.
 F = Levels seen in this place.
 G = Mean time per level.
                   A        B        C        D        E       F      G
               +--------+--------+--------+--------+--------+-----+--------+
         Total |   1970 |   1928 |     42 |      0 |   1580 |   3 |  656.7 |
       Dungeon |   1970 |   1928 |     42 |      0 |   1580 |   3 |  656.7 |
               +--------+--------+--------+--------+--------+-----+--------+

Top non-repeatable levels by time:
     D:1: 876 daAuts
     D:2: 837 daAuts
     D:3: 256 daAuts
